AoeStats
← Tutifruti1647

Arabia

510667072Analyzed
1v1 RM · 13h ago on Oct 2, 2026· 32m 9s· 2 players
Game mode
Random Map
Map size
Tiny (2 player)
Population
200
Speed
Normal
Resources
Standard
Victory
Conquest
Starting age
Dark Age
Ending age
Imperial Age
RankedLock teamsTeams togetherTeam positionsShared explorationLock speedFull tech treeHidden civsTurbo modeCheats
Victory
Defeat
🇦🇷 Teutons · Argentina
1398
+14
🇨🇦 Franks · Canada
1357
-14
lylesuper
9:07 Feudal Age
7:23 Loom
10:41 Double-Bit Axe
13:25 Wheelbarrow
13:42 Fletching
18:43 Padded Archer Armor
18:47 Town Watch
22:44 Castle Age
21:37 Padded Archer Armor
21:39 Gold Mining
23:23 Bodkin Arrow
22:49 Crossbowman
23:58 Bow Saw
24:53 Hand Cart
25:40 Leather Archer Armor
27:35 Ballistics
30:20 Scale Barding Armor
30:27 Husbandry
30:39 Forging
Tutifruti1647
5:37 Loom
8:55 Feudal Age
10:24 Double-Bit Axe
15:25 Horse Collar
19:57 Castle Age
19:11 Bloodlines
19:12 Scale Barding Armor
20:22 Forging
21:18 Wheelbarrow
25:48 Wheelbarrow
27:22 Chain Barding Armor
Connection lost

Rejoining the realm…

Still unreachable

The connection could not be restored.

Session expired

The server has moved on; the page needs a fresh start.